 Dungeon Crawl Stone Soup version 0.31-a0-208-gdb31a4691d (webtiles) character file.

Game seed: 4566994754132272975

12394 garrulousMonolith the Cleaver (level 11, -3/90 HPs)
             Began as a Vine Stalker Berserker on June 28, 2023.
             Was an Elder of Trog.
             Slain by a death yak (13 damage)
             ... on level 11 of the Dungeon.
             The game lasted 00:11:06 (9207 turns).

garrulousMonolith the Cleaver (VSBe)                Turns: 9207, Time: 00:11:07

Health: -3/90      AC: 27    Str: 28    XL:     11   Next: 92%
Magic:  0/12       EV:  9    Int: 10    God:    Trog [****..]
Gold:   279        SH:  8    Dex: 13    Spells: 10/10 levels left

rFire   . . .        d - +3 hand axe "Ycucki" {protect, Str+6 Int+3 Dex-3 SInv}
rCold   . . .        L - +0 kite shield
rNeg    . . .        E - +2 plate armour {Will+}
rPois   +            f - +0 helmet
rElec   .            K - +0 cloak
rCorr   .            M - +0 pair of gloves
SInv    +            b - +0 pair of boots
Will    ++...        (no amulet) Stlth
                     I - ring of poison resistance
HPRegen 1.15/turn    g - ring of flight
MPRegen 0.13/turn

%: guardian spirit
@: berserking (expiring), under a protective aura, flying, slowed
A: fangs 3, regeneration 1, magic shield, antimagic bite, no potion heal 2
a: Renounce Religion, Berserk, Trog's Hand, Brothers in Arms


You were on level 11 of the Dungeon.
You worshipped Trog.
Trog was greatly pleased with you.
You visited 2 branches of the dungeon, and saw 12 of its levels.
You also visited: Sewer.

You collected 656 gold pieces.
You spent 377 gold pieces at shops.

Inventory:

Hand Weapons
 d - the +3 hand axe "Ycucki" (weapon) {protect, Str+6 Int+3 Dex-3 SInv}
   (You found it on level 7 of the Dungeon)

   Str:       It affects your strength (+6).
   Int:       It affects your intelligence (+3).
   Dex:       It affects your dexterity (-3).
   SInv:      It lets you see invisible.
 l - the +3 mace "Unirigri" {spect, rElec Will- Str+3 Dex+4}
   (You found it on level 8 of the Dungeon)

   Str:       It affects your strength (+3).
   Dex:       It affects your dexterity (+4).
   rElec:     It insulates you from electricity.
   Will:      It decreases your willpower.
 v - a +0 war axe
 x - a +3 morningstar of freezing
 H - a +2 battleaxe
Missiles
 r - 4 throwing nets
Armour
 b - a +0 pair of boots (worn)
 f - a +0 helmet (worn)
 E - a +2 plate armour of willpower (worn)
 K - a +0 cloak (worn)
 L - a +0 kite shield (worn)
 M - a +0 pair of gloves (worn)
Jewellery
 g - a ring of flight (right hand)
 w - a ring of positive energy
 B - a +6 ring of intelligence
 G - a ring of see invisible
 I - a ring of poison resistance (left hand)
Wands
 h - a wand of paralysis (21)
 z - a wand of quicksilver (7)
 F - a wand of flame (9)
 J - a wand of iceblast (17)
 O - a wand of digging (2)
Scrolls
 c - 4 scrolls of poison
 i - a scroll of vulnerability {unknown}
 j - 3 scrolls of fog {unknown}
 k - a scroll of blinking {unknown}
 m - 4 scrolls of teleportation
 n - a scroll of noise {unknown}
 o - a scroll of enchant armour {unknown}
 p - a scroll of enchant weapon {unknown}
 s - 2 scrolls of amnesia
 D - a scroll of butterflies {unknown}
 P - a scroll of fear {unknown}
 Q - a scroll of torment {unknown}
Potions
 a - 6 potions of curing
 e - 2 potions of attraction
 q - a potion of cancellation
 t - 3 potions of lignification
 u - a potion of mutation {unknown}
 A - 2 potions of enlightenment {unknown}
 C - a potion of might


   Skills:
 + Level 8.1 Fighting
 * Level 11.1 Axes
 + Level 7.1 Armour
 + Level 7.0 Dodging
 + Level 3.3 Shields


You had 10 spell levels left.
You didn't know any spells.
Your spell library was empty.

Dungeon Overview and Level Annotations

Branches:
Dungeon (11/15)            Temple (1/1) D:5            Lair (0/5) D:11
    Orc (0/2) D:9           Sewer (visited)

Altars:
Ashenzari
Cheibriados
Dithmenos
Elyvilon
Fedhas
Gozag
Hepliaklqana
Kikubaaqudgha
Makhleb
Nemelex Xobeh
Okawaru
Qazlal
Ru
Sif Muna
Trog
Uskayaw
Vehumet
Wu Jian
Xom
Yredelemnul
Zin
The Shining One

Shops:
D:4 *   D:5 *   D:7 =

Annotations:
D:3 exclusion: door
D:5 1 runed translucent door
D:7 3 runed translucent doors, lunkers's ghost, novice MeWn
D:11 Sonja


Innate Abilities, Weirdness & Mutations

You have razor-sharp teeth.
Your natural rate of healing is unusually fast.
When hurt, damage is shared between your health and your magic reserves.
Your bite disrupts and absorbs the magic of your enemies.
Potions cannot restore your health.


Message History

The death yak is moderately wounded.
You slash the death yak! x2
You hear the faint crackling of a melting archway nearby.
You block the death yak's attack. The death yak barely misses you.
The death yak gores you!!
* * * LOW HITPOINT WARNING * * *
Sonja throws a curare-tipped dart.
The curare-tipped dart hits your ogre.
Your ogre is poisoned.
Your ogre convulses.
Your ogre seems to slow down.
You hit the death yak but do no damage.
The death yak is moderately wounded.
You hit the death yak but do no damage. You hit the death yak.
A kobold comes into view. It is wielding a +0 short sword.
The death yak gores you.
* * * LOW HITPOINT WARNING * * *
The death yak gores you.
* * * LOW HITPOINT WARNING * * *
The death yak misses you.
You barely miss the death yak.
The death yak is moderately wounded.
You slash the death yak! You barely miss the death yak.
Sonja hits your ogre with a +1 short sword of distortion!
Space warps horribly around your ogre!!
Sonja hits your ogre with a +1 short sword of distortion.
Your ogre is devoured by a tear in reality.
You slash the death yak! You bite the death yak. You drain its power.
You feel invigorated.
The death yak is heavily wounded.
You slash the death yak! You completely miss the death yak.
The death yak gores you.
* * * LOW HITPOINT WARNING * * *
A kobold comes into view. It is wielding a +0 club.
The death yak gores you but does no damage. x2
Sonja throws a curare-tipped dart.
The curare-tipped dart hits you.
You have difficulty breathing.
* * * LOW HITPOINT WARNING * * *
You feel yourself slow down.
You hit the death yak.
The death yak is heavily wounded.
You hit the death yak. You slash the death yak! The death yak gores you!!
You die...

*,,,**,,,**,,,* #.#*,*** ####
*,,,*,,,,,*,,,* #.#*,* ####
*,,,*,,,,,*,,,*####.#*,* ####
*,,,*,,,,,*,,,*#..>.#*,* ####
*,,,*,,8,,*,,,##.####*,* ####
*,,,*,,,,,*,,,#...####K##****#...
*,,,*,,,,,*,,,#.YKKK.KYK.,,,,....
*,,,*,,,,,*,,,#YYY###YYKY,,,,..#.
*,,,**,,,**,,,##@## *,,##,,,*##.#
*,,,,*,,,*,,,,*#ยง# *,,*,,,,,.Y..
**,,,*,,,*,,,**#K#* *,,*,,,,,.YY#
,*,,,**,,,,,,*,...***,,*,,,,,,,,,
,*,,,,*,,,,,,*.#...,,<,,,,,,,,,,,
**,,,,****,,8#.#.###*,**,,,,,,,,,
*,,,,,,,****#,#.# *,**,,,,>,,,,
***,,,,,,,,,**,#.# *,**,,,,,,,,,
,,*,,,,,,,,,*,,..# *,**,,,**,,,,


You could see 4 death yaks, Sonja, a kobold brigand and 2 kobolds.

Vanquished Creatures
  Erolcha (D:9)
  A two-headed ogre (D:9)
  2 death yaks (D:11)
  Maurice (D:8)
  Joseph (D:7)
  A kobold demonologist (D:10)
  Psyche (D:9)
  An unseen horror (D:10)
  A polar bear (D:8)
  A troll (D:10)
  A hornet (D:9)
  A shadow (D:11)
  A wraith (D:9)
  Eustachio (D:5)
  17 yaks
  2 steam dragons
  2 acid dragons (D:8)
  A swamp drake (D:9)
  Pargi (Sewer)
  3 orc warriors
  2 ice beasts
  A sky beast (D:7)
  2 black bears
  5 centaurs
  A phantom (D:6)
  Blork the orc (D:5)
  A kobold brigand (D:7)
  A bullfrog (D:8)
  7 scorpions
  A gnoll sergeant (D:9)
  12 wights
  9 killer bees
  2 howler monkeys
  A jelly (D:6)
  A gnoll bouda (D:5)
  8 orc priests
  2 sleepcaps (D:6)
  Terence (D:2)
  An iguana (D:5)
  Natasha (D:2)
  11 orc wizards
  A centaur simulacrum (D:8)
  A killer bee simulacrum (D:8)
  8 gnolls
  11 adders
  2 shadow imps
  3 white imps
  An ufetubus (D:6)
  A worm (D:2)
  3 dart slugs
  43 orcs
  5 ball pythons
  3 bat zombies (D:3)
  6 endoplasms
  15 giant cockroaches
  5 goblins
  2 hobgoblins
  2 jackals (Sewer)
  5 quokkas
  4 bats
  4 frilled lizards
  7 kobolds
  4 rats
  A rat zombie (D:3)
  A butterfly (D:5)
250 creatures vanquished.

Vanquished Creatures (collateral kills)
  A death yak (D:11)
1 creature vanquished.

Vanquished Creatures (others)
  2 orcs (D:9)
2 creatures vanquished.

Grand Total: 253 creatures vanquished

Notes
Turn   | Place    | Note
-------+----------+-------------------------------------------
     0 | D:1      | garrulousMonolith the Vine Stalker Berserker began the
                  | quest for the Orb.
     0 | D:1      | Reached XP level 1. HP: 11/11 MP: 2/2
    63 | D:1      | Reached XP level 2. HP: 16/16 MP: 3/3
   150 | D:1      | Reached skill level 3 in Axes
   530 | D:1      | Reached XP level 3. HP: 17/19 MP: 2/4
  1054 | D:2      | Found a faded altar of an unknown god.
  1083 | D:2      | Noticed Terence
  1087 | D:2      | Killed Terence
  1233 | D:2      | Gained mutation: Your natural rate of healing is unusually
                  | fast. [Vine Stalker growth]
  1233 | D:2      | Reached XP level 4. HP: 24/24 MP: 5/5
  1238 | D:2      | Noticed Natasha
  1255 | D:2      | Killed Natasha
  1255 | D:2      | Reached ** piety under Trog
  1529 | D:2      | Reached XP level 5. HP: 28/28 MP: 4/6
  1841 | D:3      | Found an ancient bone altar of Kikubaaqudgha.
  1875 | D:3      | Found a glowing drain.
  1897 | Sewer    | Entered a sewer
  1940 | Sewer    | Noticed Pargi
  1953 | Sewer    | Killed Pargi
  1954 | Sewer    | Reached skill level 4 in Axes
  1954 | Sewer    | Reached XP level 6. HP: 32/32 MP: 5/7
  2102 | D:3      | Found a broken altar of Ashenzari.
  2173 | D:3      | You fall into a shaft and drop 1 floor!
  2363 | D:4      | Noticed an ice beast
  2371 | D:4      | Found Ededor's Assorted Antiques.
  2391 | D:4      | Killed an ice beast
  2452 | D:4      | Noticed a steam dragon
  2458 | D:4      | Killed a steam dragon
  2459 | D:4      | Reached skill level 5 in Axes
  2459 | D:4      | Reached XP level 7. HP: 37/37 MP: 8/8
  2771 | D:3      | Found a burning altar of Makhleb.
  2771 | D:3      | Noticed an Executioner
  2774 | D:3      | Noticed an orange demon
  2774 | D:3      | Noticed an orange demon
  2848 | D:3      | Found a shimmering blue altar of Sif Muna.
  3391 | D:4      | Found a white marble altar of Elyvilon.
  3841 | D:5      | Entered Level 5 of the Dungeon
  3851 | D:5      | Noticed Eustachio
  3863 | D:5      | Killed Eustachio
  3947 | D:5      | Reached *** piety under Trog
  3967 | D:5      | Gained mutation: You have razor-sharp teeth. [Vine Stalker
                  | growth]
  3967 | D:5      | Reached XP level 8. HP: 42/42 MP: 5/9
  4128 | D:5      | Found a runed translucent door.
  4130 | D:5      | Found a runed translucent door.
  4206 | D:5      | Found a staircase to the Ecumenical Temple.
  4215 | D:5      | Reached skill level 6 in Axes
  4263 | Temple   | Entered the Ecumenical Temple
  4411 | D:5      | Found Xeroqint's General Store.
  4427 | D:5      | Bought a scroll of revelation for 97 gold pieces
  4637 | D:5      | Noticed Blork the orc
  4647 | D:5      | Killed Blork the orc
  4890 | D:5      | Reached skill level 5 in Fighting
  4916 | D:5      | Reached XP level 9. HP: 39/47 MP: 8/10
  4996 | D:6      | Reached skill level 7 in Axes
  5234 | D:6      | Found an opulent altar of Gozag.
  5439 | D:6      | Found a sacrificial altar of Ru.
  5492 | D:6      | Found a stormy altar of Qazlal.
  5531 | D:6      | Found a glowing golden altar of the Shining One.
  5732 | D:7      | Identified the +3 hand axe "Ycucki" {protect, Str+6 Int+3
                  | Dex-3 SInv}
  5934 | D:7      | Reached skill level 5 in Dodging
  5940 | D:7      | Reached skill level 8 in Axes
  5940 | D:7      | Reached skill level 5 in Armour
  5948 | D:7      | Reached **** piety under Trog
  6037 | D:7      | Reached XP level 10. HP: 53/53 MP: 11/11
  6222 | D:7      | Found a runed translucent gate.
  6223 | D:7      | Found a runed translucent gate.
  6224 | D:7      | Found a runed translucent gate.
  6224 | D:7      | Noticed lunkers's ghost (novice MeWn)
  6250 | D:7      | Found Yskoe's Jewellery Shop.
  6374 | D:7      | Noticed Joseph
  6388 | D:7      | Killed Joseph
  6389 | D:7      | Reached skill level 9 in Axes
  6846 | D:8      | Identified the +3 mace "Unirigri" {spect, rElec Will- Str+3
                  | Dex+4}
  6856 | D:8      | Found an ornate altar of the Wu Jian Council.
  6957 | D:8      | Found a shadowy altar of Dithmenos.
  7068 | D:7      | Bought a ring of poison resistance for 280 gold pieces
  7185 | D:8      | Noticed Maurice
  7213 | D:8      | Killed Maurice
  7771 | D:9      | Noticed a two-headed ogre
  7779 | D:9      | Killed a two-headed ogre
  8107 | D:9      | Noticed Erolcha
  8116 | D:9      | Killed Erolcha
  8117 | D:9      | Reached skill level 10 in Axes
  8117 | D:9      | Reached skill level 1 in Shields
  8117 | D:9      | Reached XP level 11. HP: 58/58 MP: 10/12
  8292 | D:9      | Noticed Psyche
  8360 | D:9      | Found a staircase to the Orcish Mines.
  8367 | D:9      | Killed Psyche
  8595 | D:10     | Entered Level 10 of the Dungeon
  9092 | D:11     | Noticed a death yak
  9092 | D:11     | Noticed a death yak
  9092 | D:11     | Noticed a death yak
  9164 | D:11     | Noticed a death yak
  9167 | D:11     | Reached ***** piety under Trog
  9171 | D:11     | Noticed a death yak
  9171 | D:11     | Noticed Sonja
  9191 | D:11     | Noticed a death yak
  9191 | D:11     | Killed a death yak
  9195 | D:11     | Killed a death yak
  9196 | D:11     | Reached skill level 11 in Axes
  9196 | D:11     | Noticed a death yak
  9201 | D:11     | Killed a death yak
  9207 | D:11     | Slain by a death yak

Illustrated notes

Levels and vault maps discovered:
D:1:      eino_arrival_tree_alley, layout_loops_ring, minmay_misc_feat_pillars
D:2:      layout_loops_cross, dreamdust_ecumenical_altar_grove,
          minmay_tetromino_o4, uniq_natasha, uniq_terence
D:3:      layout_basic, marbit_many_paths, makhleb_altar_promises_db,
          led_sif_book, lemuel_zombie_altar_kikubaaqudgha, portal_sewer_entry_f
D:4:      nicolae_BIG_FREAKIN_CUBE, layout_cave_pods,
          mainiacjoe_overflow_boulevard, serial_shops, shop
D:5:      lemuel_insect_pit, layout_basic, minmay_temple_entry_gardened_gates,
          serial_shops, shop_statue, uniq_blork_the_orc, uniq_eustachio
D:6:      layout_gridville, lemuel_tele_altar, mainiacjoe_overflow_tiny_flanked,
          mainiacjoe_overflow_large_starburst
D:7:      layout_basic, gammafunk_ghost_nasty_kobolds, serial_shops, shop,
          uniq_joseph
D:8:      layout_layer_cave, nzn_wu_jian_council_hall,
          nicolae_dithmenos_shadow_blocks, serial_ice, serial_ice_l,
          serial_ice_c, serial_ice_h, serial_ice_b, uniq_maurice
D:9:      layout_basic, erik_orc_1, uniq_erolcha, uniq_psyche
D:10:     layout_gridville
D:11:     kennysheep_spiral_hall, layout_loops_ring, dpeg_lair_monsters,
          portal_ice_cave_entry_pillars_2, uniq_sonja
Temple:   nicolae_temple_ecumenical_triangle

Skill      XL: |  1  2  3  4  5  6  7  8  9 10 11 |
---------------+----------------------------------+-----
Axes           | 3 4 5 6 8 10 11 | 11.1
Fighting       | 3 4 5 6 7 8 |  8.1
Armour         | 2 3 4 5 6 7 |  7.1
Dodging        | 2 3 4 5 6 7 |  7.0
Shields        | 1 3 |  3.3

Action                     |  1- 3 |  4- 6 |  7- 9 | 10-12 || total
---------------------------+-------+-------+-------+-------++-------
  Melee: Hand axe          |    64 |   154 |    45 |   388 ||   651
         Bite              |    13 |    43 |    66 |   147 ||   269
         Punch             |     2 |       |     3 |     4 ||     9
         War axe           |       |     4 |    96 |       ||   100
         Morningstar       |       |       |   105 |       ||   105
 Invoke: Berserk           |     1 |     3 |     2 |     3 ||     9
         Trog's Hand       |       |     2 |     3 |     5 ||    10
         Brothers in Arms  |       |       |       |     1 ||     1
  Evoke: Wand              |       |       |       |     2 ||     2
    Use: Scroll            |     1 |       |     3 |     6 ||    10
 Armour: Animal skin       |     4 |       |       |       ||     4
         Ring mail         |    17 |       |       |       ||    17
         Scale mail        |     6 |    84 |   113 |       ||   203
         Plate armour      |       |       |    33 |   254 ||   287
  Dodge: Dodged            |    47 |   105 |   157 |   169 ||   478
  Block: Kite shield       |       |       |       |   104 ||   104

Table legend: (Time is in decaauts)
 A = Elapsed time spent in this place.
 B = Non-inter-level travel time spent in this place.
 C = Inter-level travel time spent in this place.
 D = Time resting spent in this place.
 E = Time spent auto-exploring this place.
 F = Levels seen in this place.
 G = Mean time per level.
                   A        B        C        D        E       F      G
               +--------+--------+--------+--------+--------+-----+--------+
         Total |   9326 |   8836 |    490 |    485 |   6460 |  13 |  717.4 |
       Dungeon |   9133 |   8650 |    483 |    479 |   6331 |  11 |  830.3 |
        Temple |     51 |     44 |      7 |      0 |     38 |   1 |   51.0 |
         Sewer |    141 |    141 |      0 |      6 |     91 |   1 |  141.0 |
               +--------+--------+--------+--------+--------+-----+--------+

Top non-repeatable levels by time:
     D:5: 1108 daAuts
     D:4: 1087 daAuts
     D:1: 1057 daAuts
     D:7: 1054 daAuts
     D:8: 1019 daAuts
     D:3: 943 daAuts
     D:9: 847 daAuts
     D:6: 719 daAuts
     D:2: 704 daAuts
    D:10: 488 daAuts
   Sewer: 141 daAuts
    D:11: 103 daAuts
  Temple: 51 daAuts
